 Dungeon Crawl Stone Soup version 0.25-a0-635-g0c6c292ef3 (webtiles) character file.

Game seed: 4734138438834624355, levelgen mode: deterministic

296 Esekla the Skirmisher (level 6, -1/50 HPs)
             Began as a Formicid Abyssal Knight on Mar 20, 2020.
             Was a Believer of Lugonu.
             Killed from afar by an orc wizard (8 damage)
             ... with a magic dart
             ... on level 4 of the Dungeon.
             The game lasted 00:27:39 (3958 turns).

Esekla the Skirmisher (Formicid Abyssal Knight)     Turns: 3958, Time: 00:27:40

Health: -1/50      AC:  5    Str: 17    XL:     6   Next: 61%
Magic:  0/8        EV: 11    Int: 11    God:    Lugonu [**....]
Gold:   214        SH:  0    Dex: 12    Spells: 4/8 levels left

rFire    . . .     SeeInvis +   f - +3 short sword
rCold    . . .     Gourm    .   (no shield)
rNeg     . . .     Faith    .   b - +0 leather armour
rPois    .         Spirit   .   (helmet unavailable)
rElec    .         Reflect  .   (no cloak)
rCorr    .         Harm     .   (no gloves)
MR       .....                  q - +1 pair of boots
Stlth    +.........             (no amulet)
HPRegen  0.16/turn              (no ring)
MPRegen  0.11/turn              (no ring)

@: very slightly contaminated
A: permanent stasis, dig shafts and tunnels, four strong arms, antennae 3
a: Dig, Shaft Self, Depart the Abyss, Bend Space, Renounce Religion


You were on level 4 of the Dungeon.
You worshipped Lugonu.
Lugonu was pleased with you.
You were hungry.

You visited 1 branch of the dungeon, and saw 4 of its levels.
You visited the Abyss 1 time.

You collected 214 gold pieces.

Inventory:

Hand Weapons
 a - a +1 falchion
 f - a +3 short sword (weapon)
 g - a +4 hand axe
 o - a +0 dagger of holy wrath
 r - a +0 halberd
 s - a +2 war axe of flaming
Armour
 b - a +0 leather armour (worn)
 q - a +1 pair of boots (worn)
 u - a +0 buckler
 v - a +0 ring mail of fire resistance
Wands
 h - a wand of flame (16)
Scrolls
 d - a scroll of teleportation
 l - 2 scrolls of amnesia
 m - 4 scrolls of remove curse
 n - a scroll of immolation {unknown}
 t - a scroll of noise
Potions
 e - a potion of curing
 i - a potion of mutation
 k - a potion of haste {unknown}
Comestibles
 c - 4 rations
 j - a chunk of flesh


   Skills:
 * Level 4.8 Fighting
 + Level 2.0(2.8) Short Blades
 + Level 2.9(3.2) Long Blades
 + Level 1.1 Axes
 + Level 2.7 Armour
 + Level 1.2 Dodging
 + Level 0.8 Stealth
 * Level 1.6 Spellcasting
 * Level 1.5 Conjurations
 * Level 0.9 Fire Magic
 + Level 2.3 Invocations


You had 4 spell levels left.
You knew the following spells:

 Your Spells              Type           Power        Failure   Level  Hunger
a - Magic Dart            Conj           #...         19%         1    ##.....
f - Conjure Flame         Conj/Fire      #.......     54%         3    ####...

Your spell library contained the following spells:

 Spells                   Type           Power        Failure   Level  Hunger
 Call Imp                 Summ           #.......     50%         2    ###....
 Slow                     Hex            #.......     50%         2    ###....
 Mephitic Cloud           Conj/Pois/Air  #.......     65%         3    ####...
 Blink                    Tloc           Unusable     N/A         2    N/A

Dungeon Overview and Level Annotations

Branches:
Dungeon (4/15)
 Temple: D:4-7

Altars:
Xom
The Shining One


Innate Abilities, Weirdness & Mutations

You cannot be hasted, slowed, berserked, paralysed or teleported.
You can dig through walls and to a lower floor.
Your four strong arms can wield two-handed weapons with a shield.
You have a pair of large antennae on your head. (SInv)


Message History

Casting: Magic Dart (safe; 19% risk of failure)
Confirm with . or Enter, or press ? or * to list all spells.
Aiming: Magic Dart (safe; 19% risk of failure)
Press: ? - help, Shift-Dir - straight line, f/p - orc wizard
Aim: an orc wizard, wielding a +0 dagger and wearing a +0 robe (severely wounded)
You miscast Magic Dart.
Your skin tingles.
You are feeling hungry.
The walls and floor vibrate strangely for a moment.
The orc wizard casts a spell at you. The magic dart hits you.
* * * LOW HITPOINT WARNING * * *
Casting: Magic Dart (safe; 19% risk of failure)
Confirm with . or Enter, or press ? or * to list all spells.
Aiming: Magic Dart (safe; 19% risk of failure)
Press: ? - help, Shift-Dir - straight line, f/p - orc wizard
Aim: an orc wizard, wielding a +0 dagger and wearing a +0 robe (severely wounded)
You miscast Magic Dart.
Your hair stands on end.
The orc wizard points at you and mumbles some strange words.
The magic dart hits you!
You die...

#####
##################...#
........).......##...###
#######@#######.##......
#....##.......)......
.......o##.####........)
##..%>... #.........
#....... #.##.....#
#........ ..........#
##.....## ###.##.....#
##....# #.#####..# #.##.
...#


You could see an orc wizard.

Vanquished Creatures
  A hound (D:4)
  An orc priest (D:4)
  2 orc wizards (D:4)
  Robin (D:4)
  4 gnolls
  5 adders
  An ooze (D:1)
  2 dart slugs (D:1)
  2 leopard geckos
  14 orcs
  2 giant cockroaches (D:2)
  17 goblins
  6 hobgoblins
  4 jackals (D:1)
  2 quokkas
  5 bats
  A frilled lizard (D:2)
  6 kobolds
  5 rats
81 creatures vanquished.

Notes
Turn   | Place    | Note
-------+----------+-------------------------------------------
     0 | Abyss:1  | Esekla the Formicid Abyssal Knight began the quest for the
                  | Orb.
     0 | Abyss:1  | Reached XP level 1. HP: 18/18 MP: 2/2
    22 | Abyss:1  | Noticed a large abomination
    31 | Abyss:1  | Noticed an iron imp
    32 | Abyss:1  | Noticed an ancient zyme
    33 | Abyss:1  | Noticed a chaos spawn
    34 | Abyss:1  | Noticed an ancient zyme
    35 | Abyss:1  | Noticed a quasit
    35 | Abyss:1  | Noticed a tentacled starspawn
    37 | Abyss:1  | Noticed a tentacled starspawn
    38 | D:1      | Escaped the Abyss
   244 | D:1      | Reached XP level 2. HP: 19/24 MP: 3/3
   260 | D:1      | Reached skill level 1 in Dodging
   335 | D:1      | Reached * piety under Lugonu
   347 | D:1      | Reached XP level 3. HP: 16/30 MP: 4/4
   516 | D:2      | Found a shimmering altar of Xom.
   554 | D:1      | Learned a level 1 spell: Magic Dart
  1005 | D:2      | Reached XP level 4. HP: 29/37 MP: 1/5
  1069 | D:2      | Found a glowing golden altar of the Shining One.
  1281 | D:1      | Reached skill level 4 in Fighting
  1842 | D:2      | Reached skill level 1 in Conjurations
  2342 | D:1      | Reached XP level 5. HP: 16/42 MP: 1/6
  2694 | D:3      | Reached skill level 1 in Short Blades
  2724 | D:3      | Learned a level 3 spell: Conjure Flame
  2790 | D:3      | Reached ** piety under Lugonu
  3143 | D:3      | Reached skill level 1 in Spellcasting
  3755 | D:4      | Noticed Robin
  3806 | D:4      | Killed Robin
  3806 | D:4      | Reached XP level 6. HP: 15/49 MP: 6/8
  3918 | D:4      | Reached skill level 1 in Axes
  3958 | D:4      | Killed from afar by an orc wizard

Levels and vault maps discovered:
D:1:      dpeg_arrival_short_road, layout_loops_ring, serial_bayou_pond_e,
          minmay_bisected
D:2:      layout_rooms, nicolae_tso_carved_into_rock, xom_teletrap_fun
D:3:      layout_loops_ring
D:4:      layout_loops_ring, first_ration, cheibrodos_sewer_entry_bend,
          uniq_crazy_yiuf_cottage, uniq_robin

Skill      XL: |  1  2  3  4  5  6 |
---------------+-------------------+-----
Dodging        | 1 |  1.2
Fighting       | 4 |  4.8
Conjurations   | 1 |  1.5
Short Blades   | 1 2 |  2.0
Spellcasting   | 1 |  1.6
Axes           | 1 |  1.1
Long Blades    | |  2.9
Armour         | |  2.7
Stealth        | |  0.8
Fire Magic     | |  0.9
Invocations    | |  2.3

Action                   |  1- 3 |  4- 6 || total
-------------------------+-------+-------++-------
Melee: Falchion          |    38 |       ||    38
       Short sword       |    48 |   133 ||   181
       Hand axe          |       |    44 ||    44
 Cast: Magic Dart        |     4 |    32 ||    36
Invok: Depart the Abyss  |     1 |       ||     1
  Use: Scroll            |       |    10 ||    10
       Potion            |       |     3 ||     3
  Eat: Chunk             |       |     8 ||     8
       Ration            |       |     1 ||     1
Armor: Leather armour    |    26 |    36 ||    62
Dodge: Dodged            |    49 |    78 ||   127
       Rpst.: Falchion   |     5 |       ||     5

Table legend:
 A = Non-vault XP
 B = Vault XP
 C = Vault XP percentage of total XP
 D = Non-vault monster count
 E = Vault monster count
 F = Vault count percentage of total count
                 A         B        C        D         E       F
            +---------+---------+-------+---------+---------+-------
      Total |     390 |      33 |   7.8 |      71 |      10 |  12.3
            +---------+---------+-------+---------+---------+-------
        D:1 |      84 |       5 |   5.6 |      23 |       2 |   8.0
        D:2 |      72 |       0 |   0.0 |      19 |       0 |   0.0
        D:3 |      75 |       0 |   0.0 |      18 |       0 |   0.0
        D:4 |     159 |      28 |  15.0 |      11 |       8 |  42.1
            +---------+---------+-------+---------+---------+-------
